Map: New Gettysburg LE

Players

NORTHAMERICA - Winner!

  • Race: Protoss Protoss
  • League: Master

MaxBreaker

  • Race: Zerg Zerg
  • League: Diamond

VOD

Have the link to the VOD?

Description

Time

  • Played on: Oct. 26, 2016, 12:33 a.m.
  • Length: 9:27
Show
View Real Time Build Order
Export as new Build Order

NORTHAMERICA Protoss - Winner!

Build Orders: 1 Gate Expand 

Get SALT Encoding   

  12  0:01  Probe (Chrono Boost)  
  13  0:11  Probe (Chrono Boost)  
  14  0:20  Pylon  
  14  0:22  Probe (Chrono Boost)  
  15  0:38  Probe (Chrono Boost)  
  15  0:40  Gateway  
  16  0:49  Probe (Chrono Boost)  
  17  0:50  Assimilator  
  17  0:59  Probe (Chrono Boost)  
  18  1:10  Probe (Chrono Boost)  
  19  1:23  Nexus, Unknown  
  20  1:35  Cybernetics Core  
  20  1:37  Probe (Chrono Boost)  
  20  1:43  Assimilator  
  20  1:47  Probe (Chrono Boost)  
  21  1:54  Pylon  
  21  1:58  Probe (Chrono Boost)  
  22  2:09  Probe (Chrono Boost)  
  22  2:11  Warp Gate  
  22  2:12  Zealot  
  25  2:19  Mothership Core (Chrono Boost)  
  27  2:35  Unknown  
  27  2:36  Twilight Council  
  27  2:37  Probe (Chrono Boost)  
  27  2:38  Probe (Chrono Boost)  
  29  2:48  Probe x2 (Chrono Boost)  
  31  2:51  Stalker  
  33  2:58  Probe (Chrono Boost)  
  33  2:59  Probe (Chrono Boost)  
  35  3:09  Probe x2 (Chrono Boost)  
  35  3:12  Resonating Glaives  
  37  3:13  Pylon  
  38  3:20  Probe x2 (Chrono Boost)  
  38  3:24  Sentry  
  41  3:30  Probe x2 (Chrono Boost)  
  43  3:41  Probe (Chrono Boost), Gateway  
  44  3:42  Gateway  
  44  3:43  Probe (Chrono Boost)  
  45  3:51  Probe (Chrono Boost)  
  45  3:53  Probe (Chrono Boost)  
  47  3:57  Robotics Facility  
  47  4:02  Probe (Chrono Boost)  
  48  4:04  Probe (Chrono Boost)  
  49  4:12  Probe (Chrono Boost)  
  49  4:13  Pylon  
  49  4:14  Probe (Chrono Boost)  
  49  4:15  Assimilator  
  51  4:23  Probe (Chrono Boost)  
  52  4:24  Assimilator  
  52  4:25  Probe (Chrono Boost)  
  52  4:27  Pylon  
  53  4:34  Probe (Chrono Boost)  
  53  4:35  Probe (Chrono Boost), Pylon  
  55  4:40  Adept x2  
  55  4:41  Adept  
  62  4:46  Probe x2 (Chrono Boost)  
  62  4:47  Observer  
  64  4:57  Nexus, Unknown  
  64  4:59  Probe (Chrono Boost), Pylon  
  65  5:01  Adept  
  65  5:02  Adept  
  65  5:04  Adept  
  65  5:06  Probe (Chrono Boost)  
  72  5:13  Probe (Chrono Boost)  
  72  5:14  Robotics Bay  
  73  5:17  Probe (Chrono Boost)  
  74  5:25  Forge, Gateway  
  74  5:26  Probe (Chrono Boost)  
  74  5:28  Sentry  
  77  5:31  Probe (Chrono Boost)  
  78  5:36  Probe (Chrono Boost)  
  78  5:40  Immortal  
  83  5:44  Probe (Chrono Boost)  
  83  5:47  Probe (Chrono Boost)  
  85  5:54  Gateway x2  
  85  5:55  Probe (Chrono Boost)  
  86  5:58  Pylon  
  86  6:02  Pylon  
  86  6:05  Blink  
  86  6:07  Protoss Ground Weapons Level 1  
  86  6:09  Probe (Chrono Boost), Unknown  
  86  6:10  Probe (Chrono Boost)  
  88  6:14  Disruptor  
  88  6:16  Probe (Chrono Boost)  
  89  6:20  Probe (Chrono Boost)  
  89  6:22  Stalker  
  89  6:23  Probe (Chrono Boost)  
  96  6:26  Probe (Chrono Boost), Stalker  
  99  6:37  Probe (Chrono Boost)  
  100  6:41  Assimilator, Photon Cannon  
  100  6:45  Disruptor, Assimilator  
  100  6:49  Stalker x3  
  109  6:56  Probe (Chrono Boost)  
  109  6:58  Probe (Chrono Boost)  
  111  7:01  Pylon  
  111  7:03  Pylon  
  111  7:07  Gateway  
  111  7:09  Gateway  
  111  7:13  Stalker x3  
  117  7:28  Stalker  
  117  7:29  Stalker x2, Disruptor  
  126  7:39  Probe (Chrono Boost)  
  127  7:49  Pylon  
  127  7:50  Nexus, Unknown  
  125  7:52  Pylon x2  
  125  8:00  Disruptor  
  125  8:02  Stargate  
  125  8:06  Stalker x2  
  125  8:09  Adept x4  
  140  8:22  Robotics Facility  
  140  8:23  Photon Cannon  
  140  8:24  Photon Cannon  
  140  8:26  Assimilator  
  140  8:31  Probe (Chrono Boost), Unknown  
  140  8:32  Stalker x6  
  140  8:33  Stalker  
  155  8:45  Probe (Chrono Boost), Disruptor  
  156  8:50  Photon Cannon  
  156  8:53  Stargate, Fleet Beacon  
  156  8:55  Pylon  
  157  9:01  Unknown  
  140  9:19  Stalker x4  
  140  9:20  Stalker x4  
Show
View Real Time Build Order
Export as new Build Order

MaxBreaker Zerg 

Build Orders: Hatch First 

Get SALT Encoding   

  12  0:01  Drone  
  13  0:13  Overlord  
  13  0:18  Drone  
  14  0:24  Extractor, Drone  
  15  0:31  Drone  
  16  0:53  Unknown, Hatchery  
  16  0:55  Drone  
  16  0:58  Drone  
  17  1:13  Spawning Pool  
  17  1:16  Drone  
  17  1:20  Drone  
  17  1:24  Drone  
  19  1:47  Drone  
  19  1:49  Unknown, Hatchery  
  19  1:53  Overlord  
  19  2:00  Zergling x2  
  20  2:01  Zergling x2  
  20  2:05  Unknown  
  21  2:08  Queen  
  21  2:13  Drone  
  24  2:20  Queen  
  26  2:24  Drone  
  26  2:27  Drone  
  26  2:29  Drone  
  29  2:32  Drone  
  30  2:40  Overlord  
  30  2:41  Drone  
  31  2:44  Drone  
  31  2:49  Drone  
  33  2:56  Queen, Drone  
  36  3:00  Unknown  
  36  3:01  Drone x2  
  36  3:04  Extractor  
  36  3:05  Extractor, Drone  
  37  3:16  Drone x3  
  37  3:18  Drone x2  
  37  3:19  Drone  
  43  3:25  Overlord x2  
  43  3:37  Drone  
  43  3:38  Drone x5  
  49  3:41  Spore Crawler  
  49  3:44  Spore Crawler  
  47  3:51  Spore Crawler  
  46  3:58  Lair  
  46  4:00  Drone x3  
  46  4:01  Drone, Roach Warren  
  49  4:05  Extractor  
  48  4:11  Drone  
  48  4:12  Drone x4  
  53  4:18  Drone x2  
  53  4:21  Drone x4  
  53  4:22  Extractor  
  58  4:32  Overlord  
  57  4:46  Overlord x2  
  57  4:47  Drone x5  
  57  4:48  Drone x2  
  57  4:49  Evolution Chamber  
  57  4:50  Roach x2  
  57  4:51  Roach x2  
  71  4:55  Glial Reconstitution  
  71  4:59  Overlord x2  
  71  5:09  Roach x4  
  71  5:10  Roach  
  71  5:11  Roach  
  71  5:14  Overlord  
  82  5:23  Overlord x2  
  82  5:27  Zerg Missile Weapons Level 1, Drone x2  
  82  5:28  Drone x4  
  88  5:30  Drone  
  89  5:50  Roach  
  89  5:51  Roach x5  
  89  5:55  Extractor  
  100  5:57  Overlord x2  
  100  6:00  Drone  
  100  6:01  Drone  
  100  6:02  Hydralisk Den  
  101  6:05  Roach x3, Unknown, Hatchery  
  101  6:06  Roach x2  
  101  6:08  Evolution Chamber  
  109  6:12  Roach x3  
  109  6:13  Roach  
  109  6:14  Overlord  
  109  6:17  Roach  
  119  6:24  Extractor  
  118  6:29  Ravager x2  
  120  6:35  Drone x3  
  120  6:36  Queen  
  120  6:37  Drone x2  
  120  6:38  Drone x5  
  132  6:42  Ravager x2  
  134  6:47  Overlord  
  134  6:50  Overlord  
  134  7:05  Drone  
  134  7:08  Extractor  
  134  7:09  Extractor  
  134  7:10  Roach  
  134  7:11  Roach x8  
  134  7:13  Zerg Ground Armor Level 1  
  151  7:17  Unknown  
  151  7:18  Unknown, Hatchery  
  150  7:30  Lurker Den  
  150  7:32  Roach x3  
  150  7:33  Roach x2  
  150  7:35  Overlord x3  
  150  7:36  Overlord  
  158  7:55  Infestation Pit  
  158  7:58  Drone x3  
  152  8:04  Overseer  
  152  8:11  Unknown, Hatchery  
  152  8:12  Overlord x4  
  151  8:13  Hydralisk x10  
  151  8:14  Hydralisk  
  173  8:30  Unknown  
  173  8:33  Roach x3, Hydralisk x2  
  184  8:47  Overseer  
Tags
 
Add a new tag
Caveats
  • Supply blocks, unpowered buildings, or Contaminate may cause inaccurate times.
  • Supply counts are checked every 10 seconds.